 Dungeon Crawl Stone Soup version 0.28.0-62-gf88900778d (webtiles) character file.

Game seed: 13267677110049016606

20419 cbfl8 the Cleaver (level 12, 0/95 HPs)
             Began as a Minotaur Fighter on Sept 1, 2023.
             Was a Believer of Hepliaklqana.
             Slain by an orc warrior
             ... wielding a +0 mace
              (14 damage)
             ... on level 12 of the Dungeon.
             The game lasted 00:20:00 (16285 turns).

cbfl8 the Cleaver (Minotaur Fighter)               Turns: 16285, Time: 00:20:01

Health: 0/95       AC: 21    Str: 22    XL:     12   Next: 45%
Magic:  11/11      EV:  6    Int:  5    God:    Hepliaklqana [**....]
Gold:   347        SH: 19    Dex: 26    Spells: 11/11 levels left

rFire   . . .      SeeInvis .   a - +0 war axe (venom)
rCold   . . .      Faith    .   b - +0 kite shield
rNeg    + . .      Spirit   .   y - +0 plate armour
rPois   +          Reflect  +   (helmet restricted)
rElec   .          Harm     .   s - +0 cloak
rCorr   .          Rampage  .   E - +1 pair of gloves
Will    .....                   u - +0 pair of boots
Stlth   ..........              z - amulet of Ameur {Reflect rPois rN+ SH+5}
HPRegen 0.25/turn               i - +6 ring of dexterity
MPRegen 0.12/turn               t - +6 ring of dexterity

@: slowed, very slow
A: reduced essence, horns 2, retaliatory headbutt
a: Renounce Religion, Recall Ancestor, Ancestor Identity


You were on level 12 of the Dungeon.
You worshipped Hepliaklqana.
Hepliaklqana was pleased with you.
You visited 2 branches of the dungeon, and saw 13 of its levels.
You also visited: Sewer.

You collected 1073 gold pieces.
You spent 726 gold pieces at shops.

Inventory:

Hand Weapons
 a - a +0 war axe of venom (weapon)
Armour
 b - a +0 kite shield (worn)
 s - a +0 cloak (worn)
 u - a +0 pair of boots (worn)
 y - a +0 plate armour (worn)
 E - a +1 pair of gloves (worn)
Jewellery
 f - a ring of poison resistance
 i - a +6 ring of dexterity (left hand)
 t - a +6 ring of dexterity (right hand)
 x - a ring of ice
 z - the amulet of Ameur (around neck) {Reflect rPois rN+ SH+5}
   (You bought it in a shop on level 7 of the Dungeon)

   [amulet of reflection]

   It reflects blocked missile attacks.
   rPois:     It protects you from poison.
   rN:        It protects you from negative energy.
   SH:        It affects your SH (+5).
Wands
 c - a wand of digging (7)
 d - a wand of polymorph (8)
 B - a wand of acid (2) (quivered)
Scrolls
 j - 3 scrolls of enchant armour
 k - a scroll of noise
 r - 3 scrolls of immolation
 w - 2 scrolls of teleportation
 A - 3 scrolls of fear
Potions
 e - a potion of attraction {unknown}
 g - 2 potions of mutation {unknown}
 h - 4 potions of curing
 l - a potion of resistance {unknown}
 m - a potion of haste {unknown}
 n - a potion of cancellation
 o - 2 potions of flight
 p - a potion of invisibility {unknown}
 q - a potion of magic {unknown}
 v - 2 potions of brilliance {unknown}


   Skills:
 + Level 9.8 Fighting
 + Level 14.3 Axes
 + Level 12.2 Armour
 + Level 9.8 Shields
 * Level 8.6 Evocations


You had 11 spell levels left.
You didn't know any spells.
Your spell library contained the following spells:

 Spells                   Type           Power      Damage    Failure   Level
 Magic Dart               Conj           0%         1d3       100%        1
 Confusing Touch          Hex            0%         N/A       100%        3
 Gell's Gravitas          Tloc           0%         N/A       100%        3
 Ignite Poison            Fire/Tmut/Pois 0%         N/A       100%        3
 Mephitic Cloud           Conj/Pois/Air  0%         N/A       100%        3
 Stone Arrow              Conj/Erth      0%         3d7       100%        3
 Summon Guardian Golem    Hex/Summ       0%         N/A       100%        3
 Teleport Other           Tloc           0%         N/A       100%        3
 Hailstorm                Conj/Ice       0%         3d3       100%        4
 Fireball                 Conj/Fire      0%         3d3       100%        5
 Freezing Cloud           Conj/Ice/Air   0%         6-21      100%        5
 Yara's Violent Unravell  Hex/Tmut       0%         3d3       100%        5
 Dispersal                Tloc           0%         N/A       100%        6
 Enfeeble                 Hex            0%         N/A       100%        7
 Orb of Destruction       Conj           0%         9d5       100%        7
 Spellforged Servitor     Conj/Summ      0%         N/A       100%        7


Dungeon Overview and Level Annotations

Branches:
Dungeon (12/15)            Temple (1/1) D:6            Lair (0/6) D:9
    Orc (0/2) D:12          Sewer (visited)

Altars:
Ashenzari
Cheibriados
Dithmenos
Elyvilon
Fedhas
Hepliaklqana
Kikubaaqudgha
Makhleb
Nemelex Xobeh
Okawaru
Ru
Sif Muna
Vehumet
Wu Jian
Xom
Yredelemnul
Zin
The Shining One

Shops:
D:6 =   D:7 =

Portals:
Abyss: D:3
Trove: D:12 (give 16 potions of curing)

Annotations:
D:3 2 transporters, cbfl8's ghost, amateur GrBe
D:5 2 runed translucent doors, cbfl8's ghost, novice GrBe


Innate Abilities, Weirdness & Mutations

Your life essence is reduced to manifest your ancestor. (-10% HP)
You have a pair of horns on your head.
You reflexively headbutt those who attack you in melee.


Message History

You destroy the wraith!
You hit the freezing wraith.
You block the freezing wraith's attack. x2
Unknown command.
You hit the freezing wraith.
The freezing wraith is heavily damaged.
You block the freezing wraith's attack.
The freezing wraith hits you but does no damage.
Unknown command.
You hit the freezing wraith.
The freezing wraith is heavily damaged.
The freezing wraith hits you. The freezing wraith freezes you!!
You block the freezing wraith's attack. The freezing wraith hits you.
The freezing wraith freezes you! The freezing wraith hits you.
The freezing wraith drains your vigour!
You feel as though you will be slow longer.
You are too injured to fight recklessly!
Unknown command.
You are too injured to fight recklessly!
Unknown command.
You are too injured to fight recklessly!
You slash the freezing wraith!
The freezing wraith is almost destroyed.
You block the freezing wraith's attack. x2
You hit the freezing wraith but do no damage.
The freezing wraith is almost destroyed.
The freezing wraith hits you but does no damage.
You block the freezing wraith's attack.
You barely miss the freezing wraith.
You headbutt the freezing wraith, but do no damage.
The freezing wraith is almost destroyed.
The freezing wraith hits you. The freezing wraith freezes you!!
* * * LOW HITPOINT WARNING * * *
The freezing wraith hits you!
* * * LOW HITPOINT WARNING * * *
The freezing wraith drains your vigour!
You feel as though you will be slow longer.
Valentine hits the freezing wraith with a +0 quarterstaff!
The freezing wraith is destroyed!
The orc warrior hits you with a +0 mace!
You die...

#)# #..## ##'# #)# ##.## #.. #)#
#..# ### #.# ####.#### #####
####'### #.......########....
###......### #..............'....
.........'.###.......########....
.....)..[#.(.........# #....
.........#####..@....# #....
.........# #.oR[...# ##'##
.........# ##.###### #...
........## #......# ###.
...>....## ######'#### #.
.........# ###.....p..### #(
.........#####.'....z..<'.# #.
.........#.....#...[..<.#.#######
.........#.#####........#..##...R


You could see the friendly Valentine the battlemage and an orc warrior.

Vanquished Creatures
  Erolcha (D:9)
  A hydra (D:12)
  2 centaur warriors
  3 two-headed ogres
  An ugly thing (D:12)
  A manticore (D:12)
  A cyclops (D:11)
  A water nymph (D:10)
  A kobold demonologist (D:12)
  A komodo dragon (D:9)
  A troll (D:5)
  Prince Ribbit (D:4)
  3 slime creatures (D:12)
  2 shadows (D:9)
  A wraith (D:12)
  Eustachio (D:6)
  A wyvern (D:9)
  14 yaks
  Grum (D:8)
  An acid dragon (D:8)
  6 water moccasins
  2 black bears (D:7)
  6 orc warriors
  2 ice beasts
  A necrophage (D:3)
  3 centaurs
  An ogre (D:7)
  3 wolves (D:8)
  4 kobold brigands
  5 bullfrogs
  A scorpion (D:6)
  A wyvern zombie (D:6)
  A water moccasin skeleton (D:5)
  12 killer bees
  8 wights
  2 howler monkeys (D:8)
  5 centaur zombies
  A bullfrog zombie (D:5)
  7 jellies
  5 orc priests
  Crazy Yiuf (D:3)
  4 hounds
  A gnoll shaman (D:8)
  Jessica (D:3)
  4 iguanas
  8 orc wizards
  A howler monkey zombie (D:8)
  8 gnolls (D:5)
  5 adders
  A river rat (Sewer)
  A shadow imp (D:8)
  An adder zombie (D:5)
  An adder skeleton (D:4)
  7 worms
  2 dart slugs
  30 orcs
  6 ball pythons
  5 bats
  14 endoplasms
  14 giant cockroaches
  6 hobgoblins
  8 jackals
  3 quokkas
  7 frilled lizards
  4 goblins
  12 kobolds
  12 rats
282 creatures vanquished.

Vanquished Creatures (collateral kills)
  A hydra (D:7)
  4 two-headed ogres
  A deep elf pyromancer (D:12)
  A kobold demonologist (D:10)
  A freezing wraith (D:12)
  A troll (D:12)
  2 wraiths (D:12)
  2 yaks (D:11)
  A golden eye (shapeshifter) (D:12)
  An acid dragon (D:12)
  An ogre (D:5)
  A killer bee (D:8)
  An orc wizard (D:12)
  An adder (D:5)
  3 orcs
  A kobold (D:10)
23 creatures vanquished.

Vanquished Creatures (others)
  2 battlemagi (D:12)
  2 ancestors (D:10)
  2 orc wizards (D:9)
  27 plants (D:9)
33 creatures vanquished.

Grand Total: 338 creatures vanquished

Notes
Turn   | Place    | Note
-------+----------+-------------------------------------------
     0 | D:1      | cbfl8 the Minotaur Fighter began the quest for the Orb.
     0 | D:1      | Reached XP level 1. HP: 19/19 MP: 0/0
     2 | D:1      | You fall into a shaft and drop 1 floor!
    11 | D:2      | Reached XP level 2. HP: 20/27 MP: 1/1
   376 | D:2      | Reached XP level 3. HP: 23/33 MP: 2/2
   805 | D:1      | Found a faded altar of an unknown god.
   949 | D:1      | Reached skill level 3 in Axes
  1002 | D:1      | Reached skill level 1 in Evocations
  1528 | D:3      | Reached XP level 4. HP: 35/40 MP: 3/3
  1651 | D:3      | Found a transporter.
  1740 | D:3      | Found a transporter.
  1741 | D:3      | Noticed a kobold brigand
  1744 | D:3      | Found a one-way gate to the infinite horrors of the Abyss.
  1744 | D:3      | Noticed cbfl8's ghost (amateur GrBe)
  1793 | D:3      | Reached skill level 4 in Axes
  1793 | D:3      | Reached XP level 5. HP: 45/46 MP: 4/4
  1796 | D:3      | Found a glowing drain.
  1810 | Sewer    | Entered a sewer
  2220 | Sewer    | Found a viscous altar of Jiyva.
  2326 | Sewer    | Reached skill level 5 in Axes
  2326 | Sewer    | Reached XP level 6. HP: 48/53 MP: 5/5
  2395 | Sewer    | Reached skill level 5 in Armour
  2533 | D:3      | Noticed Jessica
  2538 | D:3      | Killed Jessica
  2649 | D:3      | Found a runed translucent door.
  2650 | D:3      | Noticed Crazy Yiuf
  2998 | D:3      | Killed Crazy Yiuf
  3106 | D:3      | Reached skill level 6 in Axes
  3382 | D:4      | Noticed an orc warrior
  3423 | D:4      | Reached XP level 7. HP: 60/60 MP: 6/6
  3482 | D:3      | Reached skill level 5 in Fighting
  3534 | D:3      | Noticed a small abomination
  4061 | D:4      | Found a snail-covered altar of Cheibriados.
  4113 | D:4      | Reached skill level 7 in Axes
  4356 | D:5      | Entered Level 5 of the Dungeon
  4366 | D:5      | Found a runed translucent door.
  4370 | D:5      | Noticed cbfl8's ghost (novice GrBe)
  4474 | D:5      | Reached XP level 8. HP: 55/69 MP: 7/7
  4517 | D:5      | Reached skill level 5 in Shields
  4546 | D:5      | Noticed a troll
  4622 | D:5      | Noticed Prince Ribbit
  4643 | D:4      | Killed Prince Ribbit
  4915 | D:5      | Reached skill level 8 in Axes
  5498 | D:5      | Killed a troll
  5619 | D:5      | Found a runed translucent door.
  5746 | D:5      | Reached XP level 9. HP: 73/77 MP: 8/8
  6073 | D:6      | Reached skill level 9 in Axes
  6317 | D:6      | Found Jydawawk's Jewellery Emporium.
  6321 | D:6      | Noticed Eustachio
  6336 | D:6      | Killed Eustachio
  6362 | D:6      | Reached skill level 5 in Evocations
  6719 | D:6      | Reached skill level 10 in Axes
  6855 | D:6      | Found a staircase to the Ecumenical Temple.
  7001 | Temple   | Entered the Ecumenical Temple
  7125 | Temple   | Became a worshipper of Hepliaklqana the Forgotten
  7272 | D:7      | Got Vehumet's Compendium of Blistering Conjuration
  7295 | D:7      | Found Icvucial's Jewellery Emporium.
  7461 | D:7      | Noticed a six-headed hydra
  8047 | D:8      | Reached XP level 10. HP: 80/86 MP: 9/9
  8330 | D:8      | Noticed Grum
  8353 | D:8      | Killed Grum
  8353 | D:8      | Noticed a two-headed ogre
  8354 | D:8      | Noticed a centaur warrior
  8625 | D:8      | Reached * piety under Hepliaklqana
  8779 | D:8      | Killed a centaur warrior
  8780 | D:8      | Reached skill level 11 in Axes
  9158 | D:8      | Killed a two-headed ogre
  9367 | D:9      | Noticed Erolcha
  9389 | D:9      | Killed Erolcha
  9390 | D:9      | Reached skill level 10 in Armour
  9626 | D:9      | Noticed a two-headed ogre
  9641 | D:9      | Killed a two-headed ogre
  9642 | D:9      | Reached skill level 12 in Axes
  9642 | D:9      | Reached XP level 11. HP: 27/84 MP: 10/10
  9856 | D:9      | Identified the +6 ring mail of Gozag's Supremacy {rF-
                  | Int+6}
 10656 | D:9      | Found a staircase to the Lair.
 10879 | D:10     | Entered Level 10 of the Dungeon
 10879 | D:10     | Noticed Fannar
 11304 | D:10     | Noticed a two-headed ogre
 11315 | D:10     | Killed a two-headed ogre
 11485 | D:10     | Noticed Fannar
 11485 | D:10     | Fannar changed into Fannar the water nymph
 11497 | D:10     | Killed Fannar the water nymph
 11860 | D:10     | Reached ** piety under Hepliaklqana
 11871 | D:10     | Remembered your ancestor Valentine as a battlemage
 12321 | D:11     | Reached skill level 13 in Axes
 12523 | D:11     | Noticed a centaur warrior
 12532 | D:11     | Killed a centaur warrior
 12679 | D:11     | Noticed a two-headed ogre
 12686 | D:11     | Killed a two-headed ogre
 12746 | D:11     | Noticed a two-headed ogre
 12750 | D:11     | Killed a two-headed ogre
 12930 | D:12     | Noticed a death knight
 12930 | D:12     | Noticed a skeletal warrior
 12930 | D:12     | Noticed a two-headed ogre
 13699 | D:7      | Found Icvucial's Jewellery Emporium.
 13752 | D:7      | Killed an eight-headed hydra
 13753 | D:7      | Reached XP level 12. HP: 30/93 MP: 11/11
 14183 | D:12     | Killed a two-headed ogre
 14184 | D:12     | Reached skill level 14 in Axes
 14232 | D:12     | Found a portal to a secret trove of treasure.
 14426 | D:7      | Bought the amulet of Ameur {Reflect rPois rN+ SH+5} for 726
                  | gold pieces
 14557 | D:12     | Noticed a two-headed ogre
 14561 | D:12     | Killed a two-headed ogre
 14584 | D:12     | Found a staircase to the Orcish Mines.
 14584 | D:12     | Noticed a five-headed hydra
 14611 | D:12     | Killed a nine-headed hydra
 16285 | D:12     | Slain by an orc warrior

Illustrated notes

Levels and vault maps discovered:
D:1:      erik_arrival_cave_to_civilisation [erik_arrival_cave_to_temple],
          layout_basic, chequers_ecumenical_altar_simple
D:2:      minmay_roachtagon, layout_basic, serial_glass, glass_columns_c,
          glass_columns_a
D:3:      layout_rooms, cheibrodos_sewer_entry_drain,
          gammafunk_ghost_abyssal_escape, minmay_misc_feat_iff,
          minmay_increasing_density, uniq_crazy_yiuf_cottage, uniq_jessica
D:4:      layout_cave_pools, mainiacjoe_overflow_alcove_4,
          minmay_misc_feat_enclosed
D:5:      minmay_skewed_foursquare, layout_basic, ebering_ghost_sewer_f,
          uniq_prince_ribbit1
D:6:      layout_basic, minmay_temple_entry_fiery, nicolae_take_the_stairs,
          uniq_eustachio
D:7:      layout_rooms, serial_shops, shop
D:8:      layout_cave_pools, minmay_joined_circles, uniq_grum
D:9:      layout_basic, david_lair_shrubbed, serial_curves, eino_curves_01,
          eino_curves_04, uniq_erolcha
D:10:     layout_loops_corners, uniq_fannar
D:11:     layout_irregular_city, kennysheep_crisscross
D:12:     layout_roguey, david_orc_3, enter_trove_6
Temple:   mainiacjoe_temple_circle_huts

Skill      XL: |  1  2  3  4  5  6  7  8  9 10 11 12 |
---------------+-------------------------------------+-----
Armour         | 4 5 6 7 8 10 11 12 | 12.2
Shields        | 4 5 6 8 9 |  9.8
Fighting       | 4 5 6 7 8 9 |  9.8
Axes           | 3 4 5 6 7 8 10 12 13 14 | 14.3
Evocations     | 1 2 3 4 5 6 8 |  8.6

Action                   |  1- 3 |  4- 6 |  7- 9 | 10-12 || total
-------------------------+-------+-------+-------+-------++-------
Melee: War axe           |    79 |   112 |   289 |   371 ||   851
       Headbutt          |     8 |    22 |    75 |   106 ||   211
Invok: Ancestor Identity |       |       |       |     1 ||     1
       Ancestor Life: Ba |       |       |       |     1 ||     1
Evoke: Wand              |       |       |     5 |     8 ||    13
  Use: Scroll            |       |     4 |     4 |    10 ||    18
       Potion            |       |       |     3 |     7 ||    10
 Stab: Distracted        |       |       |       |     4 ||     4
Armor: Scale mail        |    36 |    32 |    23 |       ||    91
       Chain mail        |       |       |   144 |    91 ||   235
       Plate armour      |       |       |       |   109 ||   109
Dodge: Dodged            |    45 |    51 |   109 |    81 ||   286
Block: Buckler           |    21 |    32 |    40 |       ||    93
       Kite shield       |       |       |   114 |   251 ||   365
       Reflection        |       |       |       |     1 ||     1
